 Dungeon Crawl Stone Soup version 0.20.0-9-g8272e65 (webtiles) character file.

44 GordonOverkill the Skirmisher (level 3, -6/33 HPs)
             Began as a Minotaur Ice Elementalist on June 3, 2017.
             Mangled by Sigmund
             ... wielding a +4 scythe of protection
              (10 damage)
             ... on level 3 of the Dungeon.
             The game lasted 00:02:42 (1827 turns).

GordonOverkill the Skirmisher (MiIE)                Turns: 1827, Time: 00:02:43

Health: -6/33      AC:  5    Str: 18    XL:     3   Next: 39%
Magic:  4/4        EV:  8    Int: 12    God:
Gold:   98         SH:  0    Dex: 10    Spells: 4/4 levels left

rFire    . . .     SeeInvis .   j - -3 club (curse)
rCold    . . .     Gourm    .   (no shield)
rNeg     . . .     Faith    .   m - +0 ring mail
rPois    .         Spirit   .   (helmet restricted)
rElec    .         Reflect  .   (no cloak)
rCorr    .         Harm     .   (no gloves)
MR       .....                  (no boots)
Stlth    ..........             (no amulet)
Regen    0.2/turn               (no ring)
MPRegen  0.1/turn               (no ring)

@: confused, mighty, constricted
A: retaliatory headbutt, horns 2
a: no special abilities


You were on level 3 of the Dungeon.
You were not hungry.

You visited 1 branch of the dungeon, and saw 3 of its levels.

You collected 98 gold pieces.

Inventory:

Hand Weapons
 j - a cursed -3 club (weapon)
 p - a cursed +0 spear
Armour
 m - a +0 ring mail (worn)
Scrolls
 a - a scroll of recharging
 l - 2 scrolls of amnesia
Potions
 g - a potion of ambrosia
 o - a potion of mutation {unknown}
Books
 b - a book of Frost

   Spells                             Type                      Level
   a - Freeze                         Ice                          1
   b - Throw Frost                    Conjuration/Ice              2
   c - Ozocubu's Armour               Charms/Ice                   3
   d - Throw Icicle                   Conjuration/Ice              4
   e - Summon Ice Beast               Ice/Summoning                4
Comestibles
 c - a bread ration
 d - 2 royal jellies
 f - 4 fruits
 h - a chunk of flesh


   Skills:
 + Level 3.7 Fighting
 - Level 2.1 Dodging
 - Level 1.5 Stealth
 - Level 1.3 Spellcasting
   Level 0.6 Conjurations
   Level 2.1 Ice Magic


You had 4 spell levels left.
You didn't know any spells.

Dungeon Overview and Level Annotations

Branches:
Dungeon (3/15)

Altars:

Annotations:
D:3 Sigmund


Innate Abilities, Weirdness & Mutations

You reflexively headbutt those who attack you in melee.
You have a pair of horns on your head.


Message History

You are too confused!
You are too confused!
You're too confused to move!
Sigmund hits you but does no damage.
You hit Sigmund but do no damage.
Sigmund is moderately wounded.
Sigmund hits you with a scythe of protection.
Sigmund hits you with a scythe of protection!
* * * LOW HITPOINT WARNING * * *
You barely miss Sigmund.
Sigmund is moderately wounded.
You feel less confused. The ball python barely misses you.
The ball python grabs you. The ball python constricts you.
Sigmund points at you and mumbles some strange words.
You are confused.
You bump into the rock wall.
The ball python bites you.
* * * LOW HITPOINT WARNING * * *
The ball python constricts you.
Sigmund hits you with a scythe of protection!
You die...

##...)........##.รท#######.#..#
##8###8###8####..# #.#..# ###
### ###..#..# #.#..# #....#..#
#.#..# #....#..# #.#..#
#....#..# #.#..# #....#..# ####
#..@.#..# #....#@.# #....@S.#
#.............. #......########
.......... ########..# #..#
#... #.#.#


You could see Sigmund and a ball python.

Vanquished Creatures
  2 dart slugs
  2 leopard geckos
  An orc (D:3)
  A ball python (D:2)
  A giant cockroach (D:1)
  7 goblins
  6 hobgoblins
  5 kobolds
  3 bats
  3 frilled lizards (D:1)
  2 rats
33 creatures vanquished.

Vanquished Creatures (others)
  4 toadstools (D:1)
4 creatures vanquished.

Grand Total: 37 creatures vanquished

Notes
Turn   | Place    | Note
-------+----------+-------------------------------------------
     0 | D:1      | GordonOverkill the Minotaur Ice Elementalist began the quest for the Orb.
     0 | D:1      | Reached XP level 1. HP: 14/14 MP: 1/1
    73 | D:1      | Reached skill level 1 in Fighting
   209 | D:1      | Reached skill level 2 in Fighting
   422 | D:1      | Reached XP level 2. HP: 24/24 MP: 3/3
   855 | D:1      | Reached skill level 3 in Fighting
  1285 | D:2      | Reached XP level 3. HP: 28/31 MP: 4/4
  1813 | D:3      | Noticed Sigmund
  1827 | D:3      | Mangled by Sigmund

Skill      XL: |  1  2 |
---------------+-------+-----
Fighting       | 2 3 |  3.7
Dodging        | |  2.1
Stealth        | |  1.5
Spellcasting   | |  1.3
Conjurations   | |  0.6
Ice Magic      | |  2.1

Action                   || total
-------------------------++-------
Melee: Unarmed           ||    20
       Headbutt          ||    23
       Club              ||    95
 Cast: Freeze            ||     1
  Use: Scroll            ||     4
       Potion            ||     3
 Stab: Sleeping          ||     2
  Eat: Chunk             ||     3
Armor: Robe              ||    11
       Ring mail         ||    21
       Leather armour    ||     1
Dodge: Dodged            ||    79
